 Dungeon Crawl Stone Soup version 0.23-a0-175-g97aacdb (webtiles) character file.

60 Amnesiac the Chiller (level 3, -6/24 HPs)
             Began as a Mummy Ice Elementalist on Sept 17, 2018.
             Killed from afar by an orc wizard (9 damage)
             ... with a puff of flame
             ... on level 4 of the Dungeon.
             The game lasted 00:03:25 (1626 turns).

Amnesiac the Chiller (Mummy Ice Elementalist)       Turns: 1626, Time: 00:03:26

Health: -6/24      AC:  2    Str: 11    XL:     3   Next: 80%
Magic:  1/8        EV: 12    Int: 15    God:
Gold:   57         SH:  0    Dex: 12    Spells: 3/9 levels left

rFire    x . .     SeeInvis .   f - +2 flail (protect)
rCold    + . .     Gourm    .   (no shield)
rNeg     + + +     Faith    .   a - +0 robe
rPois    ∞         Spirit   .   (no helmet)
rElec    .         Reflect  .   (no cloak)
rCorr    .         Harm     .   (no gloves)
MR       .....                  (no boots)
Stlth    ++........             (no amulet)
HPRegen  0.08/turn              (no ring)
MPRegen  0.11/turn              (no ring)

@: very slightly contaminated
A: no food or potions, fire vulnerability, cold resistance 1, negative energy
resistance 3, torment resistance, unbreathing
a: no special abilities


You were on level 4 of the Dungeon.
You were not hungry.

You visited 1 branch of the dungeon, and saw 5 of its levels.

You collected 57 gold pieces.

Inventory:

Hand Weapons
 f - a +2 flail of protection (weapon)
Armour
 a - a +0 robe (worn)
Wands
 b - a wand of flame (17)
Scrolls
 c - 3 scrolls of fog {!r, unknown}
 d - a scroll of enchant weapon {!r, unknown}
 e - a scroll of amnesia {!r, unknown}
 g - a scroll of magic mapping {!r, unknown}
 h - a scroll of remove curse {!r, unknown}


   Skills:
 - Level 1.5 Dodging
 - Level 1.5 Stealth
 + Level 3.5 Spellcasting
 - Level 0.7 Conjurations
 * Level 3.6 Ice Magic


You had 3 spell levels left.
You knew the following spells:

 Your Spells              Type           Power        Failure   Level  Hunger
a - Freeze                Ice            ##..         4%          1    N/A
b - Throw Frost           Conj/Ice       #.....       12%         2    N/A
z - Ozocubu's Armour      Chrm/Ice       #.......     26%         3    N/A

Your spell library contained the following spells:

 Spells                   Type           Power        Failure   Level  Hunger
 Throw Icicle             Conj/Ice       #.......     61%         4    N/A
 Summon Ice Beast         Ice/Summ       #.......     65%         4    N/A

Dungeon Overview and Level Annotations

Branches:
Dungeon (5/15)
 Temple: D:4-7

Altars:
Kikubaaqudgha
Yredelemnul


Innate Abilities, Weirdness & Mutations

You do not eat or drink.
Your flesh is vulnerable to fire.
You are immune to poison.
Your flesh is cold resistant. (rC+)
You are immune to negative energy. (rN+++)
You are immune to unholy pain and torment.
You can survive without breathing.


Message History

Aiming: Freeze (safe; 4% risk of failure)
Press: ? - help, Shift-Dir - straight line, f - orc wizard
Aim: an orc wizard, wielding a dagger of venom and wearing a robe You freeze the orc wizard.
The orc wizard is lightly wounded.
The orc shouts!
The orc wizard barely misses you.
Casting: Freeze (safe; 4% risk of failure)
Confirm with . or Enter, or press ? or * to list all spells.
Aiming: Freeze (safe; 4% risk of failure)
Press: ? - help, Shift-Dir - straight line, f/p - orc wizard
Aim: an orc wizard, wielding a dagger of venom and wearing a robe You freeze the orc wizard.
The orc wizard is lightly wounded.
The orc wizard casts a spell at you. The magic dart hits you!
Casting: Freeze (safe; 4% risk of failure)
Confirm with . or Enter, or press ? or * to list all spells.
Aiming: Freeze (safe; 4% risk of failure)
Press: ? - help, Shift-Dir - straight line, f/p - orc wizard
Aim: an orc wizard, wielding a dagger of venom and wearing a robe (lightly You miscast Freeze.
You are very lightly contaminated with residual magic.
You hear a crackling sound.
The orc wizard hits you with a dagger of venom.
Casting: Freeze (safe; 4% risk of failure)
Confirm with . or Enter, or press ? or * to list all spells.
Aiming: Freeze (safe; 4% risk of failure)
Press: ? - help, Shift-Dir - straight line, f/p - orc wizard
Aim: an orc wizard, wielding a dagger of venom and wearing a robe (lightly You freeze the orc wizard.
The orc wizard is lightly wounded.
The orc wizard hits you but does no damage.
Casting: Freeze (safe; 4% risk of failure)
Confirm with . or Enter, or press ? or * to list all spells.
Aiming: Freeze (safe; 4% risk of failure)
Press: ? - help, Shift-Dir - straight line, f/p - orc wizard
Aim: an orc wizard, wielding a dagger of venom and wearing a robe (lightly You freeze the orc wizard.
The orc wizard is moderately wounded.
The orc hits you but does no damage. The orc wizard barely misses you.
Casting: Freeze (safe; 4% risk of failure)
Confirm with . or Enter, or press ? or * to list all spells.
Aiming: Freeze (safe; 4% risk of failure)
Press: ? - help, Shift-Dir - straight line, f/p - orc wizard
Aim: an orc wizard, wielding a dagger of venom and wearing a robe (moderately You freeze the orc wizard.
The orc wizard is heavily wounded.
The orc hits you with a club.
* * * LOW HITPOINT WARNING * * *
The orc wizard points at you and mumbles some strange words.
The puff of flame misses you.
Casting: Freeze (safe; 4% risk of failure)
Confirm with . or Enter, or press ? or * to list all spells.
Aiming: Freeze (safe; 4% risk of failure)
Press: ? - help, Shift-Dir - straight line, f/p - orc wizard
Aim: an orc wizard, wielding a dagger of venom and wearing a robe (heavily You freeze the orc wizard.
The orc wizard is severely wounded.
The orc hits you with a club.
* * * LOW HITPOINT WARNING * * *
The orc wizard casts a spell at you. The puff of flame hits you!
The fire burns you terribly!
You die...

#....##....#......#...
#....#.....#......#...
#....#..o..#......'...
#....#.....#......###+
#.(..#.....#....(.....
#....#.....###'###....
#....##....##....#....
#...o##....##...>#....
#....@o.....#....#....
#..........##....#....
#..........##....#....
#....########....#....
#....##....##....#....
#.....#.....#....+....
#.....#.....#.)..#....
#.....#.....#....#....
#.....#....##....#....


You could see an orc wizard and an orc.

Vanquished Creatures
  Terence (D:3)
  A dart slug (D:1)
  2 leopard geckos
  2 orcs (D:4)
  A bat (D:1)
  A giant cockroach (D:3)
  3 goblins
  A hobgoblin (D:1)
  6 jackals
  2 quokkas (D:4)
  A ball python (D:1)
  3 frilled lizards
  3 kobolds (D:1)
  A rat (D:1)
  A spectral orc (D:4)
29 creatures vanquished.

Notes
Turn   | Place    | Note
-------+----------+-------------------------------------------
     0 | D:1      | Amnesiac the Mummy Ice Elementalist began the quest for the
                  | Orb.
     0 | D:1      | Reached XP level 1. HP: 13/13 MP: 4/4
   261 | D:1      | Reached XP level 2. HP: 2/19 MP: 0/5
   496 | D:1      | Learned a level 2 spell: Throw Frost
   995 | D:4      | Found a basalt altar of Yredelemnul.
  1140 | D:4      | Found an ancient bone altar of Kikubaaqudgha.
  1173 | D:5      | Entered Level 5 of the Dungeon
  1235 | D:3      | Reached XP level 3. HP: 22/24 MP: 0/7
  1240 | D:3      | Learned a level 3 spell: Ozocubu's Armour
  1317 | D:3      | Noticed Terence
  1338 | D:3      | Killed Terence
  1626 | D:4      | Killed from afar by an orc wizard

Vault maps used:
D:1:      dpeg_arrival_morbid_curiosity, minmay_misc_feat_plants,
          minmay_misc_feat_doors
D:2:      gammafunk_temple_overflow_wave, first_ration, uniq_crazy_yiuf_cottage
D:3:      uniq_terence
D:4:      kiku_gazebo_pond_becter, yredelemnul_forgotten_temple_becter
D:5:      grunt_temple_overflow_forces_of_nature, kennysheep_mini_moat,
          nicolae_dithmenos_the_darkroom, uniq_blork_the_orc, uniq_edmund,
          uniq_duvessa

Skill      XL: |  1  2 |
---------------+-------+-----
Ice Magic      | 3 |  3.6
Spellcasting   | 3 |  3.5
Dodging        | |  1.5
Stealth        | |  1.5
Conjurations   | |  0.7

Action                   || total
-------------------------++-------
Melee: Short sword       ||    12
       Spear             ||     9
 Cast: Freeze            ||    51
 Stab: Sleeping          ||     5
Armor: Robe              ||    18
Dodge: Dodged            ||    49

Table legend:
 A = Non-vault XP
 B = Vault XP
 C = Vault XP percentage of total XP
 D = Non-vault monster count
 E = Vault monster count
 F = Vault count percentage of total count
                 A         B        C        D         E       F
            +---------+---------+-------+---------+---------+-------
      Total |      53 |      33 |  38.4 |      27 |       2 |   6.9
            +---------+---------+-------+---------+---------+-------
        D:1 |      28 |       0 |   0.0 |      15 |       0 |   0.0
        D:3 |      11 |      32 |  74.4 |       6 |       1 |  14.3
        D:4 |      14 |       1 |   6.7 |       6 |       1 |  14.3
            +---------+---------+-------+---------+---------+-------
